Selects Airborne Battlegroup
Selects Heavy Machine Gun Paradrop
Selects Smoke Bombing Run
Construct Weapon Support Center
Heavy Machine Gun Paradrop
Heavy Machine Gun Paradrop
Heavy Machine Gun Paradrop
Selects Paratrooper Squad Paradrop
Paratrooper Squad Paradrop
Heavy Machine Gun Paradrop
Paratrooper Squad Paradrop
Construct Medical Station
Improved M9 Bazooka Rockets
Paratrooper Squad Paradrop
M3 Armored Personnel Carrier
Selects Carpet Bombing Run
Selects Anti-tank Gun Team Paradrop
M3 Armored Personnel Carrier